 Dungeon Crawl Stone Soup version 0.29-a0-409-gd843f3a48c (webtiles) character file.

Game seed: 3035066539176414154

2279 eazynow the Cudgeller (level 9, -2/85 HPs)
             Began as a Troll Berserker on May 14, 2022.
             Was an Elder of Trog.
             Slain by a gnoll
             ... wielding a +0 spear
             ... led by a gnoll shaman
              (3 damage)
             ... on level 6 of the Dungeon.
             The game lasted 00:37:09 (5741 turns).

eazynow the Cudgeller (Troll Berserker)             Turns: 5741, Time: 00:37:10

Health: -2/85      AC:  7    Str: 29    XL:     9   Next: 16%
Magic:  8/8        EV:  8    Int:  5    God:    Trog [****..]
Gold:   373        SH:  0    Dex:  9    Spells: 8/8 levels left

rFire   . . .      SeeInvis +   E - +3 flail (drain)
rCold   . . .      Faith    .   t - +0 tower shield
rNeg    + . .      Spirit   .   D - +3 robe of Sunlight {Slay+2}
rPois   .          Reflect  .   (helmet restricted)
rElec   .          Harm     .   (no cloak)
rCorr   +          Rampage  .   (gloves unavailable)
Will    ++...                   (boots unavailable)
Stlth   +.........              y - macabre finger necklace {rN+}
HPRegen 2.04/turn               O - +4 ring of evasion
MPRegen 0.11/turn               I - ring of resist corrosion
                                L - ring of see invisible

@: strong-willed, held, regenerating
A: large, unfitting armour, claws 3, regeneration 1, shaggy fur 1, tough skin 1
a: Renounce Religion, Berserk, Trog's Hand, Brothers in Arms


You were on level 6 of the Dungeon.
You worshipped Trog.
Trog was greatly pleased with you.
You visited 2 branches of the dungeon, and saw 7 of its levels.

You collected 373 gold pieces.

Inventory:

Hand Weapons
 j - a +4 flail of protection
 m - a +0 hunting sling
 n - a +0 short sword of speed
 o - a +1 short sword of speed
 q - a +2 flail of protection
 E - a +3 flail of draining (weapon)
 P - a +3 hand axe
 R - a +4 dire flail
Missiles
 a - a curare-tipped dart
 f - 145 stones (quivered)
 r - a throwing net
 v - 11 poisoned darts
Armour
 b - a +0 animal skin
 i - a +0 plate armour
 s - a +0 robe
 t - a +0 tower shield (worn)
 D - the +3 robe of Sunlight (worn) {Slay+2}
   (You found it on level 5 of the Dungeon)

   Slay:      It affects your accuracy & damage with ranged weapons and melee
   (+2).
 N - a +0 ring mail
Jewellery
 p - a ring of protection from fire
 y - the macabre finger necklace (around neck) {rN+}
   (You found it on level 2 of the Dungeon)

   [amulet of nothing]

   It enables you to equip an extra ring.
   rN:        It protects you from negative energy.
 A - an amulet of guardian spirit
 I - a ring of resist corrosion (right claw)
 L - a ring of see invisible (on amulet)
 O - a +4 ring of evasion (left claw)
Wands
 H - a wand of flame (37)
 Q - a wand of acid (12)
Scrolls
 c - a scroll of identify
 d - a scroll of brand weapon {unknown}
 h - 2 scrolls of blinking
 l - a scroll of teleportation
 x - a scroll of immolation {unknown}
 F - a scroll of noise
 K - a scroll of acquirement {unknown}
 M - a scroll of amnesia {unknown}
Potions
 g - 3 potions of attraction
 w - a potion of resistance {unknown}
 z - a potion of lignification {unknown}
 G - a potion of cancellation {unknown}
 J - a potion of might


   Skills:
 + Level 4.6 Fighting
 + Level 7.7 Maces & Flails
 + Level 5.3 Dodging
 + Level 1.2 Stealth
 + Level 4.4 Shields


You had 8 spell levels left.
You didn't know any spells.
Your spell library contained the following spells:

 Spells                   Type           Power      Damage    Failure   Level
 Animate Skeleton         Necr           0%         N/A       98%         1


Dungeon Overview and Level Annotations

Branches:
Dungeon (6/15)             Temple (1/1) D:4

Altars:
Ashenzari
Cheibriados
Fedhas
Gozag
Hepliaklqana
Kikubaaqudgha
Makhleb
Okawaru
Qazlal
Ru
Sif Muna
Uskayaw
Vehumet
Wu Jian
Xom
Yredelemnul
Zin
The Shining One

Shops:
D:1 [


Innate Abilities, Weirdness & Mutations

You are too large for most types of armour.
You have claws for hands.
Your natural rate of healing is unusually fast.
You are covered in fur. (AC +1)
You have tough skin. (AC +1)


Message History

You closely miss the gnoll.
The gnoll is almost dead.
The gnoll throws a throwing net.
The throwing net hits you.
You become entangled in the net!
The gnoll hits you but does no damage. The gnoll hits you with a +0 whip.
* * * LOW HITPOINT WARNING * * *
The gnoll hits you but does no damage.
The gnoll hits you from afar with a +0 spear.
* * * LOW HITPOINT WARNING * * *
The gnoll hits you from afar with a +0 spear.
* * * LOW HITPOINT WARNING * * *
The gnoll hits you but does no damage. The gnoll hits you with a +0 whip.
* * * LOW HITPOINT WARNING * * *
Your skin crawls.
You feel strong-willed.
The gnoll hits you from afar with a +0 spear.
* * * LOW HITPOINT WARNING * * *
The gnoll hits you from afar with a +0 spear.
* * * LOW HITPOINT WARNING * * *
The gnoll hits you from afar with a +0 spear.
* * * LOW HITPOINT WARNING * * *
The gnoll hits you with a +0 whip.
* * * LOW HITPOINT WARNING * * *
The gnoll barely misses you.
Blink to where?
Press: ? - help, Dir - move target
Okay, then.
Unknown command.
You struggle against the net.
The gnoll barely misses you.
The gnoll hits you from afar with a +0 spear.
* * * LOW HITPOINT WARNING * * *
The gnoll hits you with a +0 whip.
* * * LOW HITPOINT WARNING * * *
The gnoll barely misses you.
You struggle against the net.
The gnoll hits you from afar with a +0 spear.
* * * LOW HITPOINT WARNING * * *
The gnoll barely misses you.
The gnoll hits you from afar with a +0 spear.
You die...

### ##.###..## #..##
##.## ##.# .....#
##.## #.# ......##.##
#.####### #......#
#........ #.....##
###........
##....######....######
#..........#...### ##
#..)@g...#####...###.
#..g....## ##......
#..gg##..# #####..
#.....# #..# ##.
.......# #..# #.
#........ #.. #.
##...##.. #. #. #...
### #. #.


You could see 4 gnolls.

Vanquished Creatures
  A hornet (D:6)
  Grinder (D:6)
  A steam dragon (D:6)
  A water moccasin (D:6)
  A sky beast (D:4)
  A black bear (D:6)
  A kobold brigand (D:6)
  Blork the orc (D:6)
  6 scorpions
  4 wights (D:6)
  2 jellies
  2 gnoll shamans
  2 orc priests
  2 hounds (D:5)
  5 iguanas
  2 orc wizards (D:5)
  8 adders
  16 gnolls
  2 white imps
  2 ufetubi (D:6)
  3 dart slugs
  15 orcs
  3 bats
  7 endoplasms
  8 giant cockroaches
  3 goblins
  9 hobgoblins
  2 jackals (D:3)
  13 kobolds
  4 quokkas
  7 ball pythons
  4 frilled lizards
  A rat (D:1)
140 creatures vanquished.

Vanquished Creatures (others)
  2 plants (D:3)
2 creatures vanquished.

Grand Total: 142 creatures vanquished

Notes
Turn   | Place    | Note
-------+----------+-------------------------------------------
     0 | D:1      | eazynow the Troll Berserker began the quest for the Orb.
     0 | D:1      | Reached XP level 1. HP: 22/22 MP: 0/0
    77 | D:1      | Reached XP level 2. HP: 29/29 MP: 1/1
   152 | D:1      | Reached skill level 3 in Maces & Flails
   196 | D:1      | Found Latit's Antique Armour Boutique.
   514 | D:1      | Reached XP level 3. HP: 36/36 MP: 2/2
   659 | D:2      | Reached ** piety under Trog
   746 | D:2      | Found a faded altar of an unknown god.
   804 | D:2      | Reached XP level 4. HP: 45/45 MP: 3/3
   989 | D:2      | Reached skill level 4 in Maces & Flails
  1315 | D:2      | Found the macabre finger necklace {rN+}
  1624 | D:3      | Reached XP level 5. HP: 50/53 MP: 4/4
  1633 | D:3      | Found a hide-covered altar of Uskayaw.
  1660 | D:3      | Found a sacrificial altar of Ru.
  1839 | D:3      | Found a glowing golden altar of the Shining One.
  2278 | D:3      | Found a faded altar of an unknown god.
  2278 | D:3      | Found a faded altar of an unknown god.
  2280 | D:3      | Found a hazy altar of Hepliaklqana.
  2559 | D:4      | Found a blossoming altar of Fedhas.
  2686 | D:4      | Found a shimmering blue altar of Sif Muna.
  2692 | D:4      | Found an ancient bone altar of Kikubaaqudgha.
  2692 | D:4      | Found a radiant altar of Vehumet.
  2696 | D:4      | Got Kikubaaqudgha's Tome of Darkness
  2864 | D:4      | Reached XP level 6. HP: 54/61 MP: 5/5
  2889 | D:4      | Reached skill level 1 in Shields
  2978 | D:4      | Noticed a sky beast
  3008 | D:4      | Killed a sky beast
  3009 | D:4      | Reached skill level 5 in Maces & Flails
  3358 | D:4      | Found a staircase to the Ecumenical Temple.
  3371 | Temple   | Entered the Ecumenical Temple
  3924 | D:5      | Entered Level 5 of the Dungeon
  3952 | D:5      | Found an opulent altar of Gozag.
  4074 | D:5      | Reached XP level 7. HP: 39/68 MP: 6/6
  4092 | D:5      | Identified the +3 robe of Sunlight {Slay+2}
  4247 | D:5      | Reached *** piety under Trog
  4362 | D:5      | Found a glowing drain.
  4526 | D:5      | Reached skill level 6 in Maces & Flails
  4526 | D:5      | Reached XP level 8. HP: 78/78 MP: 7/7
  5037 | D:5      | Reached skill level 1 in Stealth
  5195 | D:6      | Noticed Grinder
  5208 | D:6      | Paralysed by Grinder for 4 turns
  5214 | D:6      | Killed Grinder
  5436 | D:6      | Reached skill level 7 in Maces & Flails
  5493 | D:6      | Reached **** piety under Trog
  5562 | D:6      | Noticed Blork the orc
  5563 | D:6      | Noticed a hornet
  5567 | D:6      | Reached skill level 5 in Dodging
  5570 | D:6      | Killed a hornet
  5571 | D:6      | Reached XP level 9. HP: 66/85 MP: 8/8
  5579 | D:6      | Killed Blork the orc
  5739 | D:6      | HP: 4/85 [gnoll/+0 whip[a gnoll shaman] (1)]
  5741 | D:6      | HP: 1/85 [gnoll/+0 spear[a gnoll shaman] (4)]
  5741 | D:6      | Slain by a gnoll

Illustrated notes

Levels and vault maps discovered:
D:1:      eino_arrival_tree_alley, layout_basic, serial_shops, shop
D:2:      layout_loops_ring, shapermc_ecumenical_altar_mp_vishouse
D:3:      layout_loops_ring, tso_oasis_becter,
          nicolae_uskayaw_murder_on_the_dancefloor,
          mainiacjoe_overflow_six_doors_small,
          nicolae_hepliaklqana_ecumenical_no_more
D:4:      minmay_chambers_of_fours, layout_gridville,
          grunt_temple_overflow_magic_moments, mainiacjoe_overflow_24_doors,
          temple_hall
D:5:      layout_basic, grunt_gozag_statues, gup_sewer_entry_pipe,
          minmay_misc_feat_tiny, minmay_misc_feat_four_crosses, abandoned_shop
D:6:      layout_layer_cave, minmay_fractal_squares_diagonal_5, uniq_maggie,
          uniq_grinder, uniq_blork_the_orc
Temple:   compressed_dpeg_triangle_lava_temple

Skill      XL: |  1  2  3  4  5  6  7  8 |
---------------+-------------------------+-----
Maces & Flails | 3 4 5 6 7 |  7.7
Dodging        | 3 4 5 |  5.3
Fighting       | 3 4 |  4.6
Shields        | 1 2 4 |  4.4
Stealth        | 1 |  1.2

Action                   |  1- 3 |  4- 6 |  7- 9 || total
-------------------------+-------+-------+-------++-------
Melee: Mace              |    44 |       |       ||    44
       Flail             |    47 |   139 |   194 ||   380
Throw: Stone             |       |     1 |     1 ||     2
Invok: Berserk           |       |     1 |     2 ||     3
       Trog's Hand       |       |       |     2 ||     2
  Use: Scroll            |     1 |     5 |     5 ||    11
       Potion            |       |     3 |     1 ||     4
Armor: Animal skin       |    55 |    75 |       ||   130
       Robe              |       |       |    75 ||    75
Dodge: Dodged            |    55 |    48 |   120 ||   223
Block: Tower shield      |       |    58 |   165 ||   223

Table legend: (Time is in decaauts)
 A = Elapsed time spent in this place.
 B = Non-inter-level travel time spent in this place.
 C = Inter-level travel time spent in this place.
 D = Time resting spent in this place.
 E = Time spent auto-exploring this place.
 F = Levels seen in this place.
 G = Mean time per level.
                   A        B        C        D        E       F      G
               +--------+--------+--------+--------+--------+-----+--------+
         Total |   5930 |   3818 |   2112 |    168 |   2518 |   7 |  847.1 |
       Dungeon |   5522 |   3496 |   2026 |    168 |   2204 |   6 |  920.3 |
        Temple |    407 |    321 |     86 |      0 |    314 |   1 |  407.0 |
               +--------+--------+--------+--------+--------+-----+--------+

Top non-repeatable levels by time:
     D:5: 1322 daAuts
     D:2: 1021 daAuts
     D:4: 1014 daAuts
     D:3: 928 daAuts
     D:1: 629 daAuts
     D:6: 605 daAuts
  Temple: 407 daAuts
